AoeStats
← simirfan

African Clearing

510601250Analyzed
3v3 RM · 19d ago on Oct 1, 2026· 64m 10s· 6 players
Game mode
Random Map
Map size
Normal (6 player)
Population
200
Speed
Normal
Resources
Standard
Victory
Conquest
Starting age
Dark Age
Ending age
Imperial Age
RankedLock teamsTeams togetherTeam positionsShared explorationLock speedFull tech treeHidden civsTurbo modeCheats
Victory
Defeat
🇫🇷 Persians · France
1174
+17
🇫🇷 Mongols · France
1166
+17
🇫🇷 Khitans · France
1149
+18
vs
🇹🇷 Huns · Türkiye
1218
-18
🇹🇷 Celts · Türkiye
1195
-17
🇹🇷 Bohemians · Türkiye
1183
-17
M.S.
4:26 Loom
14:03 Feudal Age
15:08 Double-Bit Axe
18:29 Forging
18:25 Scale Barding Armor
22:02 Horse Collar
27:28 Castle Age
27:21 Wheelbarrow
27:46 Pikeman
28:27 Squires
29:00 Husbandry
33:47 Bow Saw
34:21 Heavy Plow
38:43 Town Watch
41:50 Town Patrol
49:18 Imperial Age
48:02 Hand Cart
48:10 Arson
47:54 Elite Skirmisher
50:32 Chemistry
49:53 Ballistics
51:11 Iron Casting
51:21 Light Cavalry
52:40 Scale Mail Armor
54:32 Cavalier
57:53 Padded Archer Armor
57:43 Fletching
58:04 Capped Ram
Geosim
5:41 Loom
15:28 Feudal Age
17:25 Double-Bit Axe
19:58 Horse Collar
20:13 Gold Mining
25:43 Castle Age
24:26 Stone Mining
27:47 Wheelbarrow
26:58 Town Watch
27:46 Fletching
28:10 Bow Saw
29:25 Heavy Plow
35:03 Marauders
35:27 Hand Cart
38:28 Imperial Age
37:37 Ballistics
37:36 Bloodlines
37:26 Husbandry
37:38 Forging
37:40 Scale Barding Armor
37:57 Bodkin Arrow
39:30 Forging
39:26 Scale Barding Armor
40:12 Squires
42:04 Chemistry
41:43 Iron Casting
41:27 Pikeman
43:16 Chain Barding Armor
43:18 Conscription
43:19 Scale Mail Armor
47:04 Plate Barding Armor
49:19 Blast Furnace
51:18 Parthian Tactics
50:56 Padded Archer Armor
51:58 Bracer
53:01 Elite Tarkan
simirfan
3:36 Loom
16:00 Feudal Age
17:56 Double-Bit Axe
18:51 Scale Barding Armor
20:43 Horse Collar
21:28 Man-at-Arms
23:35 Arson
29:09 Castle Age
40:46 Husbandry
41:11 Stronghold
44:44 Wheelbarrow
43:55 Town Watch
51:58 Imperial Age
50:11 Stone Mining
50:11 Gold Mining
50:28 Scale Mail Armor
54:24 Padded Archer Armor
54:14 Fletching
54:41 Chain Mail Armor
54:47 Chain Barding Armor
54:38 Forging
54:17 Elite Skirmisher
59:47 Long Swordsman
Marinheiro
5:01 Loom
13:00 Feudal Age
14:25 Double-Bit Axe
15:16 Town Watch
18:27 Fletching
24:14 Castle Age
26:23 Padded Archer Armor
30:51 Horse Collar
34:17 Bow Saw
34:45 Leather Archer Armor
39:00 Gold Mining
39:29 Bodkin Arrow
40:01 Murder Holes
42:56 Ballistics
43:52 Heavy Plow
47:24 Imperial Age
48:12 Bracer
49:14 Chemistry
49:49 Husbandry
50:04 Bloodlines
51:21 Gold Shaft Mining
50:36 Stone Mining
51:08 Masonry
51:42 Hoardings
52:41 Wheelbarrow
53:47 Conscription
57:29 Elite Mangudai
Jelaf
4:01 Loom
13:31 Feudal Age
15:11 Wheelbarrow
14:22 Town Watch
14:28 Double-Bit Axe
17:22 Forging
19:35 Scale Barding Armor
28:11 Castle Age
27:00 Fletching
27:11 Padded Archer Armor
27:28 Gold Mining
27:19 Domestication
30:21 Bodkin Arrow
31:16 Heavy Cavalry Archer
32:14 Leather Archer Armor
32:06 Husbandry
35:12 Iron Casting
35:51 Bow Saw
41:56 Imperial Age
40:53 Thumb Ring
41:53 Hand Cart
42:24 Chain Barding Armor
43:05 Parthian Tactics
42:41 Bracer
44:00 Conscription
44:18 Pastoralism
47:30 Chemistry
46:57 Ballistics
49:23 Elite Steppe Lancer
59:48 Two-Man Saw
59:19 Transhumance
58:32 Treadmill Crane
59:03 Masonry
58:59 Siege Engineers
63:38 Plate Barding Armor
63:33 Ring Archer Armor
michelmichel32
10:44 Loom
12:54 Feudal Age
14:08 Horse Collar
14:16 Double-Bit Axe
25:39 Castle Age
24:12 Forging
24:15 Stone Mining
25:23 Bloodlines
28:45 Scale Barding Armor
31:31 Light Cavalry
33:34 Wheelbarrow
40:31 Imperial Age
39:28 Chain Barding Armor
39:12 Husbandry
41:04 Cavalier
42:25 Plate Barding Armor
42:59 Pikeman
44:26 Savar
46:00 Halberdier
59:16 Iron Casting
64:02 Spies/Treason
Connection lost

Rejoining the realm…

Still unreachable

The connection could not be restored.

Session expired

The server has moved on; the page needs a fresh start.